Description

...

Build Order

Get SALT Encoding   

  14  0:01  Supply Depot  
  16  0:39  Barracks  
  16  0:42  Refinery  
  20  1:26  Reaper, Orbital Command  
  20  1:38  Command Center  
  20  1:45  Supply Depot  
  22  1:58  Marine  
  23  2:06  Factory  
  23  2:13  Refinery  
  24  2:19  Factory Reactor  
  26  2:50  Orbital Command  
  26  2:56  Starport  switch barracks and factory
  27  2:59  Marine, Hellion x2  
  35  3:22  Hellion x2  
  39  3:28  Supply Depot  
  41  3:33  Fusion Core, Starport Tech Lab  
  43  3:51  Command Center  
  45  4:00  Supply Depot  
  49  4:21  Battlecruiser  
  55  4:26  Refinery x2, Supply Depot  
  57  4:36  Hellion x2  
  62  4:40  Supply Depot  
  65  5:00  Hellion x2  
  65  5:03  Orbital Command  
  70  5:08  Factory x2  
  72  5:25  Supply Depot, Battlecruiser  
  78  5:36  Hellion x2  
  85  5:42  Weapon Refit, Supply Depot  
  85  5:45  Supply Depot  
  87  5:55  Armory x2  
  88  6:00  Hellion x2  continues hellion production
  92  6:05  Factory Tech Lab x2, Refinery x2  
  93  6:25  Siege Tank x2  
  103  6:50  Engineering Bay, Battlecruiser  
  109  6:56  Terran Vehicle Armor Level 1  
  109  7:30  Siege Tank x2, Terran Vehicle Weapons Level 1  you can put missle turrets next to siege tanks if playing muta, continuos
  121  7:49  Factory x2  
  122  8:02  Command Center  
  140  9:15  Terran Vehicle Weapons Level 2, Liberator, Terran Vehicle Armor Level 2  you can start liberator production (create reactor)
  184  11:50  Factory x3, Terran Vehicle Weapons Level 3, Terran Vehicle Armor Level 3  
Spawning Tool Build Advisor. Get it on Overwolf

Go to:

Details

  • Created by: HeroMystic
  • Published on: Jan 13, 2021
  • Modified on: Jan 13, 2021
  • Patch: 4.11.0
  • Difficulty: Easy
Show
View Real Time Build Order
Export as new Build Order

Comments (0)

There are no comments. Be the first!

Create an account to comment!